 Dungeon Crawl Stone Soup version 0.29-a0-872-g797fff5ad1 (webtiles) character file.

Game seed: 13342017714606760321

308 jimonade the Covert (level 6, 0/36 HPs)
             Began as a Kobold Brigand on July 19, 2022.
             Killed by divine providence
             ... invoked by an orc priest
              (8 damage)
             ... on level 3 of the Dungeon.
             The game lasted 00:05:00 (3580 turns).

jimonade the Covert (Kobold Brigand)                Turns: 3580, Time: 00:05:01

Health: 0/36       AC:  3    Str:  8    XL:     6   Next: 68%
Magic:  15/15      EV: 15    Int: 12    God:
Gold:   186        SH:  0    Dex: 19    Spells: 5/5 levels left

rFire   . . .      SeeInvis .   a - +2 dagger
rCold   . . .      Faith    .   (no shield)
rNeg    . . .      Spirit   .   b - +0 robe
rPois   .          Reflect  .   (no helmet)
rElec   .          Harm     .   c - +0 cloak
rCorr   +          Rampage  .   (no gloves)
Will    .....                   (no boots)
Stlth   +++++.....              (no amulet)
HPRegen 0.12/turn               f - ring of magical power
MPRegen 0.14/turn               B - ring of resist corrosion

@: no status effects
A: small, no large weapons, nightstalker 3
a: no special abilities


You were on level 3 of the Dungeon.
You visited 1 branch of the dungeon, and saw 3 of its levels.

You collected 186 gold pieces.

Inventory:

Hand Weapons
 a - a +2 dagger (weapon)
 u - a +0 sling
Missiles
 d - 15 poisoned darts (quivered)
 e - 3 curare-tipped darts
Armour
 b - a +0 robe (worn)
 c - a +0 cloak (worn)
 h - a +0 leather armour
Jewellery
 f - a ring of magical power (left hand)
 s - an amulet of faith
 B - a ring of resist corrosion (right hand)
Wands
 q - a wand of roots (3)
Scrolls
 l - 5 scrolls of identify {unknown}
 n - a scroll of blinking {unknown}
 p - 2 scrolls of teleportation {unknown}
 t - a scroll of fog {unknown}
 y - 2 scrolls of acquirement {unknown}
 A - a scroll of immolation {unknown}
Potions
 g - a potion of degeneration {unknown}
 i - a potion of mutation {unknown}
 j - 2 potions of lignification {unknown}
 k - 2 potions of curing {unknown}
 m - a potion of attraction {unknown}
 o - 3 potions of haste {unknown}
 r - 2 potions of ambrosia {unknown}
 v - a potion of invisibility {unknown}
 w - 2 potions of heal wounds {unknown}
 x - a potion of brilliance {unknown}
 z - a potion of resistance {unknown}


   Skills:
 + Level 2.8 Fighting
 + Level 4.1 Short Blades
 - Level 2.1 Throwing
 + Level 1.9 Dodging
 * Level 9.3 Stealth


You had 5 spell levels left.
You didn't know any spells.
Your spell library contained the following spells:

 Spells                   Type           Power      Damage    Failure   Level
 Apportation              Tloc           0%         N/A       32%         1
 Sandblast                Erth           0%         2d4       32%         1
 Passwall                 Tmut/Erth      0%         N/A       45%         2
 Dazzling Flash           Conj/Hex       0%         N/A       69%         3
 Stone Arrow              Conj/Erth      0%         3d7       69%         3
 Agony                    Necr           0%         N/A       100%        5
 Alistair's Intoxication  Tmut/Pois      0%         N/A       100%        5
 Silence                  Hex/Air        0%         N/A       100%        5
 Borgnjor's Revivificati  Necr           0%         N/A       100%        8
 Necromutation            Tmut/Necr      0%         N/A       100%        8
 Death's Door             Necr           0%         N/A       100%        9


Dungeon Overview and Level Annotations

Branches:
Dungeon (3/15)

Altars:
Yredelemnul


Innate Abilities, Weirdness & Mutations

You are small and have problems with some larger weapons.
You are completely attuned to the shadows.


Message History

An orc priest comes into view. It is wielding a +0 dagger.
The orc hits you with a +0 hand axe.
You completely miss the orc. The orc barely misses you.
The orc attacks as you move away! The orc hits you with a +0 hand axe.
The orc attacks as you move away! The orc hits you with a +0 hand axe.
The orc attacks as you move away! The orc hits you but does no damage.
The orc attacks as you move away! The orc closely misses you.
You hit the orc.
The orc is heavily wounded.
The orc closely misses you.
You hit the orc.
The orc is almost dead.
The orc closely misses you.
You hit the orc.
You kill the orc!
You start resting.
HP restored.
You see here a +0 hand axe.
Things that are here:
a +0 hand axe of freezing; 4 stones; an orc skeleton You see here 7 stones.
The orc priest shouts!
The orc shouts!
The orc hits you with a +0 hand axe.
The orc throws a boomerang.
The boomerang completely misses you.
The orc priest invokes the aid of Beogh against you.
You barely resist. You hit the orc.
The orc is moderately wounded.
The orc hits you with a +0 hand axe. The orc misses you.
The orc priest attacks as you move away!
The orc priest misses you.
The orc priest mumbles some strange prayers to Beogh against you.
Beogh smites you!
There is a stone staircase leading down here.
The orc hits you with a +0 hand axe.
* * * LOW HITPOINT WARNING * * *
The orc priest mumbles some strange prayers to Beogh against you.
Beogh smites you!
You die...

#..#.........#.)...#.###
#...##########.....#....
#.#.############.#######
#............# #.# ####.
###..#.......# #.# #....
##.#####...###.###.รท..
#.# ##...(......###
#.#####....#.......##
##.oo@...............#
####.o#####.........#...#
#............#......##...
######....###########....
##...###.... #.###
##...>...... ...
###...###..... .##
#........#....
#........#..o.


You could see an orc priest and 2 orcs.

Vanquished Creatures
  Sigmund (D:2)
  An orc priest (D:3)
  A hound zombie (D:3)
  An adder (D:3)
  An adder zombie (D:3)
  A dart slug (D:2)
  4 orcs (D:3)
  5 bats
  8 endoplasms
  5 giant cockroaches
  5 goblins
  9 hobgoblins
  10 jackals
  3 quokkas
  6 ball pythons
  6 frilled lizards
  5 kobolds
  5 rats
77 creatures vanquished.

Notes
Turn   | Place    | Note
-------+----------+-------------------------------------------
     0 | D:1      | jimonade the Kobold Brigand began the quest for the Orb.
     0 | D:1      | Reached XP level 1. HP: 12/12 MP: 1/1
    67 | D:1      | Reached XP level 2. HP: 9/17 MP: 2/2
   433 | D:1      | Reached skill level 6 in Stealth
   780 | D:1      | Reached XP level 3. HP: 21/21 MP: 3/3
  1503 | D:2      | Reached skill level 7 in Stealth
  1715 | D:2      | Reached XP level 4. HP: 27/27 MP: 4/4
  2338 | D:2      | Noticed Sigmund
  2342 | D:2      | Killed Sigmund
  2343 | D:2      | Reached skill level 9 in Stealth
  2343 | D:2      | Reached XP level 5. HP: 31/31 MP: 5/5
  2343 | D:2      | Reached XP level 6. HP: 36/36 MP: 6/6
  2513 | D:3      | Found a faded altar of an unknown god.
  2984 | D:3      | Identified the +2 robe of the Nexus {Int+4}
  3147 | D:3      | HP: 1/36 [orc priest/+0 dagger (3)]
  3448 | D:3      | Found a basalt altar of Yredelemnul.
  3580 | D:3      | Killed from afar by an orc priest

Illustrated notes

Levels and vault maps discovered:
D:1:      evilmike_arrival_hilbert_curve, layout_basic, minmay_pentomino_r4
D:2:      layout_basic, minmay_tall_x, uniq_sigmund
D:3:      layout_rooms, lemuel_zombie_altar_yredelemnul,
          hellmonk_ecumenical_altar_zigzags

Skill      XL: |  1  2  3  4  5  6 |
---------------+-------------------+-----
Stealth        | 6 7 9 |  9.3
Short Blades   | 3 4 |  4.1
Fighting       | |  2.8
Throwing       | |  2.1
Dodging        | |  1.9

Action                   |  1- 3 |  4- 6 || total
-------------------------+-------+-------++-------
Melee: Dagger            |    87 |   130 ||   217
       Punch             |       |     2 ||     2
 Stab: Sleeping          |    24 |    14 ||    38
Armor: Robe              |    11 |    24 ||    35
Dodge: Dodged            |    46 |    71 ||   117

Table legend: (Time is in decaauts)
 A = Elapsed time spent in this place.
 B = Non-inter-level travel time spent in this place.
 C = Inter-level travel time spent in this place.
 D = Time resting spent in this place.
 E = Time spent auto-exploring this place.
 F = Levels seen in this place.
 G = Mean time per level.
                   A        B        C        D        E       F      G
               +--------+--------+--------+--------+--------+-----+--------+
         Total |   3545 |   3478 |     67 |    917 |   1823 |   3 | 1181.7 |
       Dungeon |   3545 |   3478 |     67 |    917 |   1823 |   3 | 1181.7 |
               +--------+--------+--------+--------+--------+-----+--------+

Top non-repeatable levels by time:
     D:1: 1464 daAuts
     D:3: 1150 daAuts
     D:2: 930 daAuts
